 Dungeon Sprint DCSS version 0.29.1-12-g30fa7ad0bf (webtiles) character file.

Game seed: 6703485409200734357

535 Groucho the Nimble (level 7, 0/32 HPs)
             Began as a Spriggan Earth Elementalist on Dec 30, 2022.
             Was a Follower of Vehumet.
             Incinerated by a deep elf pyromancer (3 damage)
             ... with a sticky flame
             ... in the Dungeon (Sprint III: "The Ten Rune Challenge").
             The game lasted 00:06:33 (1323 turns).

Groucho the Nimble (Spriggan Earth Elementalist)    Turns: 1323, Time: 00:06:34

Health: 0/32       AC:  4    Str:  8    XL:     7   Next: 4%
Magic:  10/19      EV: 21    Int: 18    God:    Vehumet [*.....]
Gold:   26         SH:  0    Dex: 14    Spells: 14/22 levels left

rFire   . . .      SeeInvis +   (weapon restricted)
rCold   . . .      Faith    .   (no shield)
rNeg    . . .      Spirit   .   a - +0 robe
rPois   .          Reflect  .   (helmet restricted)
rElec   .          Harm     .   (no cloak)
rCorr   .          Rampage  .   (gloves unavailable)
Will    +....      NoTele   +   (boots unavailable)
Stlth   +.........              (no amulet)
HPRegen 0.10/turn               (no ring)
MPRegen 0.16/turn               (no ring)

@: on fire, glowing, very quick
A: very small, no large weapons, unfitting armour, see invisible, speed 3,
iridescent scales 1, strong 1, wild magic 1
a: Renounce Religion


You were in the Dungeon.
You worshipped Vehumet.
Vehumet was aware of your devotion.
You visited 1 branch You collected 26 gold pieces.

Inventory:

Armour
 a - a +0 robe (worn)
Scrolls
 e - a scroll of torment {unknown}
 g - a scroll of blinking
 h - 4 scrolls of identify
 j - a scroll of poison {unknown}
Potions
 b - 3 potions of magic
 c - a potion of curing
 d - a potion of heal wounds
 f - a potion of berserk rage
 i - 4 potions of flight
 k - 4 potions of mutation


   Skills:
 + Level 8.7 Dodging
 - Level 3.0 Stealth
 + Level 8.0 Spellcasting
 * Level 5.0 Conjurations
 + Level 6.3 Transmutations
 * Level 8.7 Earth Magic


You had 14 spell levels left.
You knew the following spells:

 Your Spells              Type           Power      Damage    Failure   Level
a - Sandblast             Erth           100%       2d20      1%          1
b - Stone Arrow           Conj/Erth      82%        3d12      3%          3
c - Petrify               Tmut/Erth      44%        N/A       7%          4

Your spell library contained the following spells:

 Spells                   Type           Power      Damage    Failure   Level
 Shock                    Conj/Air       84%        1d8       6%          1
 Passwall                 Tmut/Erth      36%        N/A       1%          2
 Necrotise                Necr           36%        1d5       14%         1
 Vampiric Draining        Necr           9%         2d6       36%         3
 Agony                    Necr           9%         N/A       97%         5


Dungeon Overview and Level Annotations

Branches:
Dungeon (1/1)

Altars:
Dithmenos
Elyvilon
Kikubaaqudgha
Okawaru
Ru
Sif Muna
Trog
Uskayaw
Vehumet
Wu Jian
Yredelemnul
Zin
The Shining One


Innate Abilities, Weirdness & Mutations

You are very small and have problems with some larger weapons.
You are too small for most types of armour.
You have supernaturally acute eyesight. (SInv)
You cover ground extremely quickly. (Speed+++)
You are partially covered in iridescent scales. (AC +2)
Your muscles are strong. (Str +4, Int/Dex -1)
Your spells are a little harder to cast, but a little more powerful.


Message History

The spell is quite dangerous to miscast (7% risk of failure)!
Continue anyway?
Aiming: Petrify (quite dangerous; 7% risk of failure)
Press: ? - help, Shift-Dir - straight line, f/p - deep elf pyromancer
Aim: a deep elf pyromancer, wielding a +1 long sword of holy wrath (heavily wounded, chance to affect: 50%)
The deep elf pyromancer is moving more slowly.
The deep elf pyromancer hits you with a +1 long sword of holy wrath!
Unknown command.
Unknown command.
Unknown command.
Casting: Petrify (quite dangerous; 7% risk of failure)
Confirm with . or Enter, or press ? or * to list all spells.
Aiming: Sandblast (safe; 1% risk of failure)
Press: ? - help, Shift-Dir - straight line, f/p - deep elf pyromancer
Aim: a deep elf pyromancer, wielding a +1 long sword of holy wrath (heavily wounded, petrifying slowly, 100% to hit)
The blast of sand hits the deep elf pyromancer!!
The deep elf pyromancer is almost dead.
The deep elf pyromancer gestures at you while chanting.
The sticky flame hits you.
You are covered in liquid flames!
Unknown command.
You are covered in liquid flames!
You are covered in liquid flames!
The deep elf pyromancer stops moving altogether!
Unknown command.
Unknown command.
You are covered in liquid flames!
* * * LOW HITPOINT WARNING * * *
Unknown command.
You are covered in liquid flames!
* * * LOW HITPOINT WARNING * * *
Casting: Sandblast (safe; 1% risk of failure)
Confirm with . or Enter, or press ? or * to list all spells.
Aiming: Sandblast (safe; 1% risk of failure)
Press: ? - help, Shift-Dir - straight line, f/p - deep elf pyromancer
Aim: a deep elf pyromancer, wielding a +1 long sword of holy wrath (almost dead, petrified, 100% to hit)
The blast of sand hits the deep elf pyromancer!
You kill the deep elf pyromancer!
Vehumet accepts your kill.
You are covered in liquid flames!
You die...

▓ ▓▓▓ ####
##.############
...#####..#___#___#__#
....#..#..#!..#__.#._#
#...#..#..###'#'###)##
##..##'#..#...).@....#
##..###...'.⌠........#
#..####...#...######+#
#..###....#.⌠.#
...##.....#...#
...#).....#)###
.##.#.....#..:#
.#####....#___# ▓▓
▓▓▓▓▓▓▓▓▓▓


There were no monsters in sight!

Vanquished Creatures
  A deep elf pyromancer (D)
  A necrophage (D)
  A water elemental (D)
  A scorpion (D)
  A necromancer (D)
  A wizard (D)
  3 humans (D)
  A kobold demonologist (D)
  4 rats (D)
14 creatures vanquished.

Notes
Turn   | Place    | Note
-------+----------+-------------------------------------------
     0 | D        | Groucho the Spriggan Earth Elementalist began the quest for
                  | the Orb.
     0 | D        | Reached XP level 1. HP: 9/9 MP: 5/5
   345 | D        | Noticed a scorpion
   469 | D        | Killed a scorpion
   470 | D        | Reached skill level 5 in Dodging
   470 | D        | Reached skill level 5 in Spellcasting
   470 | D        | Reached skill level 5 in Earth Magic
   470 | D        | Reached XP level 2. HP: 12/13 MP: 2/9
   470 | D        | Reached XP level 3. HP: 15/16 MP: 2/10
   578 | D        | Reached XP level 4. HP: 21/21 MP: 0/12
   596 | D        | Gained mutation: Your muscles are strong. (Str +4, Int/Dex
                  | -1) [potion of mutation]
   596 | D        | Gained mutation: You are partially covered in iridescent
                  | scales. (AC +2) [potion of mutation]
   596 | D        | Gained mutation: Your spells are a little harder to cast,
                  | but a little more powerful. [potion of mutation]
   601 | D        | Learned a level 3 spell: Stone Arrow
   606 | D        | Learned a level 4 spell: Petrify
   796 | D        | Noticed a water elemental
   811 | D        | Killed a water elemental
   812 | D        | Reached skill level 1 in Conjurations
   812 | D        | Reached XP level 5. HP: 24/24 MP: 8/14
   956 | D        | Found a radiant altar of Vehumet.
   962 | D        | Found a shimmering blue altar of Sif Muna.
   962 | D        | Found an ancient bone altar of Kikubaaqudgha.
   965 | D        | Became a worshipper of Vehumet
  1122 | D        | Found a shadowy altar of Dithmenos.
  1128 | D        | Reached XP level 6. HP: 26/28 MP: 12/17
  1128 | D        | Found a basalt altar of Yredelemnul.
  1128 | D        | Found a sacrificial altar of Ru.
  1165 | D        | Found a hide-covered altar of Uskayaw.
  1165 | D        | Found an iron altar of Okawaru.
  1167 | D        | Found a bloodstained altar of Trog.
  1168 | D        | Found an ornate altar of the Wu Jian Council.
  1168 | D        | Noticed a human
  1169 | D        | Noticed a human
  1301 | D        | Killed a human
  1301 | D        | Reached * piety under Vehumet
  1301 | D        | Offered knowledge of Shock by Vehumet.
  1302 | D        | Reached skill level 5 in Transmutations
  1303 | D        | Killed a human
  1304 | D        | Reached skill level 5 in Conjurations
  1304 | D        | Reached XP level 7. HP: 28/32 MP: 15/19
  1312 | D        | Found a glowing silver altar of Zin.
  1313 | D        | Found a glowing golden altar of the Shining One.
  1314 | D        | Found a white marble altar of Elyvilon.
  1315 | D        | Noticed a deep elf pyromancer
  1323 | D        | Killed a deep elf pyromancer
  1323 | D        | Incinerated by a deep elf pyromancer

Illustrated notes

Levels and vault maps discovered:
D:        dungeon_sprint_mu [sprint_mu_entry_cave, sprint_mu_temple_rooms,
          sprint_mu_d1_horrors, sprint_mu_d2_genie, sprint_mu_d3_branching,
          sprint_mu_orc_legion, sprint_mu_elf_gauntlet, sprint_mu_hive_nellie,
          sprint_mu_lair_fedhas, sprint_mu_vaults_butterflies,
          sprint_mu_slime_circle, sprint_mu_swamp_cave, sprint_mu_snake_twists,
          sprint_mu_blade_basic, sprint_mu_crypt_lich, sprint_mu_tomb_spiral,
          sprint_mu_vestibule_basic, sprint_mu_gehenna_hellfire,
          sprint_mu_dis_giant, sprint_mu_tartarus_statrot,
          sprint_mu_cocytus_islands, sprint_mu_zot1]

Skill      XL: |  1  2  3  4  5  6 |
---------------+-------------------+-----
Dodging        | 5 6 7 8 |  8.7
Spellcasting   | 5 6 7 8 |  8.0
Earth Magic    | 5 6 7 8 |  8.7
Conjurations   | 1 3 5 |  5.0
Transmutations | 2 4 6 |  6.3
Stealth        | |  3.0

Action                   |  1- 3 |  4- 6 |  7- 9 || total
-------------------------+-------+-------+-------++-------
 Cast: Sandblast         |    24 |    24 |     3 ||    51
       Petrify           |       |       |     1 ||     1
  Use: Potion            |     1 |     1 |       ||     2
Armor: Robe              |       |     2 |       ||     2
Dodge: Dodged            |    12 |     8 |       ||    20
